 Dungeon Crawl Stone Soup version 0.28-a0-1356-g2ad6d04315 (webtiles) character file.

Game seed: 3211082970519305151

7559 pokeman the Thaumaturge (level 10, -5/56 HPs)
             Began as a Deep Elf Hedge Wizard on Dec 29, 2021.
             Was a Follower of Vehumet.
             Slain by a shadow (21 damage)
             ... on level 10 of the Dungeon on Dec 30, 2021.
             The game lasted 00:52:25 (13514 turns).

pokeman the Thaumaturge (Deep Elf Hedge Wizard)    Turns: 13514, Time: 00:52:26

Health: -5/56      AC: 13    Str:  7    XL:     10   Next: 96%
Magic:  7/30       EV: 13    Int: 30    God:    Vehumet [*.....]
Gold:   418        SH:  0    Dex: 14    Spells: 26/37 levels left

rFire   . . .      SeeInvis .   A - +2 short sword (venom)
rCold   . . .      Faith    .   (no shield)
rNeg    . . .      Spirit   .   F - +0 steam dragon scales
rPois   .          Reflect  .   D - +1 hat
rElec   .          Harm     .   E - +0 cloak
rCorr   .          Rampage  .   (no gloves)
Will    +....                   I - +0 pair of boots
Stlth   ++........              (no amulet)
HPRegen 0.18/turn               d - +4 ring of protection
MPRegen 0.22/turn               i - +6 ring of intelligence

@: no status effects
A: no striking features
a: Renounce Religion


You were on level 10 of the Dungeon.
You worshipped Vehumet.
Vehumet was aware of your devotion.
You visited 2 branches of the dungeon, and saw 11 of its levels.

You collected 535 gold pieces.
You spent 117 gold pieces at shops.

Inventory:

Hand Weapons
 c - a +0 hand crossbow
 q - the +4 morningstar of Destruction {vamp, rElec SInv}
   (You found it on level 4 of the Dungeon)

   It occasionally heals its wielder for a portion of the damage dealt when it
   wounds a living foe.
   rElec:     It insulates you from electricity.
   SInv:      It lets you see invisible.
 s - the +7 staff of the Meek {protect, meekguard}
   (You found it on level 4 of the Dungeon)

   It grants its wielder temporary protection when it strikes (+7 to AC).
   It provides extra protection to wielders with little health.
 w - a +0 shortbow
 A - a +2 short sword of venom (weapon)
Missiles
 f - 2 throwing nets
 g - 110 bolts
 r - 118 arrows
Armour
 D - a +1 hat (worn)
 E - a +0 cloak (worn)
 F - +0 steam dragon scales (worn)
 I - a +0 pair of boots (worn)
 J - a +0 buckler
Jewellery
 d - a +4 ring of protection (left hand)
 i - a +6 ring of intelligence (right hand)
 l - a ring of see invisible
 G - a +4 ring of evasion
Wands
 o - a wand of flame (38)
 u - a wand of acid (12)
Scrolls
 b - 5 scrolls of teleportation
 e - a scroll of silence
 h - 4 scrolls of fear
 j - 3 scrolls of torment
 n - 2 scrolls of noise
 p - a scroll of brand weapon
 x - 2 scrolls of enchant weapon
 y - a scroll of vulnerability
 z - a scroll of immolation
 B - 2 scrolls of blinking
 K - a scroll of magic mapping
Potions
 k - 2 potions of attraction {unknown}
 m - 4 potions of curing
 t - a potion of flight {unknown}
 v - a potion of lignification {unknown}
 C - 2 potions of heal wounds {unknown}
 H - a potion of degeneration {unknown}


   Skills:
 - Level 4.0 Fighting
 - Level 4.1 Armour
 - Level 3.1 Dodging
 - Level 3.1 Stealth
 + Level 1.2 Shields
 * Level 14.3 Spellcasting
 + Level 8.3 Conjurations
 - Level 1.1 Summonings
 - Level 1.1 Translocations
 + Level 7.6 Fire Magic
 - Level 1.0 Air Magic
 - Level 1.0 Poison Magic
 - Level 1.0 Evocations


You had 26 spell levels left.
You knew the following spells:

 Your Spells              Type           Power      Damage    Failure   Level
a - Magic Dart            Conj           100%       1d8       1%          1
b - Mephitic Cloud        Conj/Pois/Air  42%        N/A       1%          3
c - Call Imp              Summ           28%        N/A       2%          2
d - Blink                 Tloc           56%        N/A       2%          2
e - Conjure Flame         Conj/Fire      62%        6-21      1%          3

Your spell library contained the following spells:

 Spells                   Type           Power      Damage    Failure   Level
 Sandblast                Erth           42%        2d11      2%          1
 Freeze                   Ice            84%        1d10      2%          1
 Slow                     Hex            84%        N/A       2%          1
 Hailstorm                Conj/Ice       46%        3d11      4%          4
 Confusing Touch          Hex            21%        N/A       7%          3
 Frozen Ramparts          Ice            42%        1d6       7%          3
 Yara's Violent Unravell  Hex/Tmut       10%        3d6       52%         5
 Enfeeble                 Hex            10%        N/A       100%        7


Dungeon Overview and Level Annotations

Branches:
Dungeon (10/15)            Temple (1/1) D:7
   Lair: D:8-11         Orc: D:9-12

Altars:
Ashenzari
Cheibriados
Dithmenos
Elyvilon
Fedhas
Gozag
Hepliaklqana
Kikubaaqudgha
Makhleb
Nemelex Xobeh
Okawaru
Qazlal
Ru
Sif Muna
Trog
Uskayaw
Vehumet
Wu Jian
Xom
Yredelemnul
Zin
The Shining One
Beogh

Shops:
D:3 (   D:7 ?


Message History

The shadow strikes at your white imp from the darkness!
Reactivating autopickup.
Your white imp hits the shadow but does no damage.
You feel stable enough to blink again. The shadow hits your white imp!
Your white imp dies!
Your white imp disappears in a puff of smoke!
The orc warrior hits you with a +1 vorpal long sword.
The fire ignites!
Casting: Conjure Flame (safe; 1% risk of failure)
Confirm with . or Enter, or press ? or * to list all spells.
You blink.
The orc hits you but does no damage.
Casting: Blink (safe; 2% risk of failure)
Confirm with . or Enter, or press ? or * to list all spells.
You don't have enough magic to cast this spell.
Unknown command.
Casting: Blink (safe; 2% risk of failure)
Confirm with . or Enter, or press ? or * to list all spells.
Okay, then.
Unknown command.
The shadow slips into darkness.
The shadow flickers and vanishes!
Deactivating autopickup; reactivate with Ctrl-A.
You feel stable enough to blink again.
The shadow strikes at you from the darkness!
Reactivating autopickup.
The shadow slips into darkness.
The shadow flickers and vanishes!
Deactivating autopickup; reactivate with Ctrl-A.
The shadow strikes at you from the darkness!
* * * LOW HITPOINT WARNING * * *
Reactivating autopickup.
The shadow slips into darkness.
The shadow flickers and vanishes!
Deactivating autopickup; reactivate with Ctrl-A.
Casting: Blink (safe; 2% risk of failure)
Confirm with . or Enter, or press ? or * to list all spells.
A beastly little devil appears in a puff of flame.
The shadow strikes at you from the darkness!
You die...

.#####............<.....##
...............########(#
...........o...# #.#
############...# #.# #...# #.#
#...# #.######### #...#
#..........
#...########..........
#....@.5..............
############.##########..........
.............# #..........
.............# #..).......
.............# #..........
...........(.# #..........
.............# #..........
.............# #..........
.............# #..........


You could see a friendly crimson imp (summoned).

Vanquished Creatures
  A two-headed ogre (D:9)
  A cyclops (D:10)
  Maggie (D:8)
  A troll (D:6)
  A shadow (D:5)
  A wraith (D:10)
  Eustachio (D:4)
  2 steam dragons
  3 water moccasins
  8 orc warriors
  3 ice beasts
  2 black bears
  4 sky beasts
  A centaur (D:6)
  3 necrophages
  3 ogres
  A phantom (D:6)
  A kobold brigand (D:8)
  2 scorpions (D:4)
  4 bullfrogs
  A water moccasin zombie (D:5)
  2 water moccasin skeletons
  6 killer bees (D:9)
  8 wights
  4 howler monkeys
  2 bullfrog zombies
  2 centaur zombies (D:9)
  2 gnoll shamans
  4 hounds
  A bullfrog skeleton (D:5)
  2 jellies
  4 orc priests
  2 iguanas
  16 orc wizards
  A howler monkey zombie (D:7)
  15 gnolls
  A howler monkey skeleton (D:4)
  5 adders
  A shadow imp (D:7)
  A white imp (D:5)
  A worm (D:2)
  5 dart slugs
  42 orcs
  6 endoplasms
  2 giant cockroaches
  5 goblins
  9 hobgoblins
  7 jackals
  5 quokkas
  6 ball pythons
  2 bats
  2 frilled lizards
  17 kobolds
  7 rats
240 creatures vanquished.

Vanquished Creatures (collateral kills)
  A wraith (D:10)
  A centaur zombie (D:8)
  A hound (D:6)
  A howler monkey zombie (D:9)
  A gnoll (D:5)
  A jackal (D:2)
6 creatures vanquished.

Vanquished Creatures (others)
  A quokka (D:7)
  7 plants (D:3)
8 creatures vanquished.

Grand Total: 254 creatures vanquished

Notes
Turn   | Place    | Note
-------+----------+-------------------------------------------
     0 | D:1      | pokeman the Deep Elf Hedge Wizard began the quest for the
                  | Orb.
     0 | D:1      | Reached XP level 1. HP: 10/10 MP: 7/7
    45 | D:1      | Found a faded altar of an unknown god.
   341 | D:1      | Reached XP level 2. HP: 15/15 MP: 4/9
   906 | D:1      | Reached skill level 5 in Spellcasting
  1167 | D:1      | Reached XP level 3. HP: 20/20 MP: 8/11
  1171 | D:1      | Learned a level 3 spell: Mephitic Cloud
  1174 | D:1      | Learned a level 2 spell: Blink
  1177 | D:1      | Learned a level 2 spell: Call Imp
  1181 | D:1      | Learned a level 3 spell: Conjure Flame
  1682 | D:2      | Reached skill level 1 in Fighting
  1682 | D:2      | Reached skill level 1 in Armour
  1682 | D:2      | Reached XP level 4. HP: 20/25 MP: 9/13
  2409 | D:3      | Noticed a necrophage
  2529 | D:3      | Killed a necrophage
  2530 | D:3      | Reached skill level 6 in Spellcasting
  2530 | D:3      | Reached skill level 1 in Fire Magic
  2530 | D:3      | Reached XP level 5. HP: 27/29 MP: 10/15
  2568 | D:3      | Found a stormy altar of Qazlal.
  2569 | D:3      | Noticed an air elemental
  2578 | D:3      | Noticed a fire elemental
  2578 | D:3      | Noticed a water elemental
  3157 | D:3      | Reached XP level 6. HP: 34/34 MP: 14/17
  3211 | D:3      | Reached skill level 1 in Air Magic
  3259 | D:3      | Reached skill level 7 in Spellcasting
  3320 | D:3      | Found Qasch's Weapon Shoppe.
  3617 | D:3      | Found a hazy altar of Hepliaklqana.
  3618 | D:3      | Found a blossoming altar of Fedhas.
  3834 | D:4      | Identified the +4 morningstar of Destruction {vamp, rElec
                  | SInv}
  3867 | D:4      | Reached skill level 1 in Poison Magic
  4161 | D:4      | Noticed Eustachio
  4169 | D:4      | Killed Eustachio
  4170 | D:4      | Reached XP level 7. HP: 40/40 MP: 13/20
  4245 | D:4      | Found the +7 staff of the Meek {protect, meekguard}
  4255 | D:4      | Reached skill level 8 in Spellcasting
  4759 | D:5      | Entered Level 5 of the Dungeon
  4825 | D:5      | Found a burning altar of Makhleb.
  4847 | D:5      | Reached skill level 1 in Evocations
  5077 | D:5      | Reached XP level 8. HP: 44/44 MP: 16/22
  5187 | D:5      | Reached skill level 9 in Spellcasting
  5624 | D:5      | Reached skill level 5 in Conjurations
  5978 | D:5      | Reached skill level 10 in Spellcasting
  6225 | D:5      | Found a sparkling altar of Nemelex Xobeh.
  6578 | D:5      | Reached XP level 9. HP: 35/48 MP: 20/25
  6966 | D:6      | Reached skill level 11 in Spellcasting
  6966 | D:6      | Reached skill level 5 in Fire Magic
  7160 | D:6      | Noticed a troll
  7170 | D:6      | Killed a troll
  7733 | D:7      | Found an iron altar of Okawaru.
  7973 | D:6      | Upgraded the game from 0.28-a0-1347-g113dc556a4 to
                  | 0.28-a0-1356-g2ad6d04315
  7974 | D:7      | Found a staircase to the Ecumenical Temple.
  7994 | D:7      | Reached skill level 12 in Spellcasting
  7996 | Temple   | Entered the Ecumenical Temple
  8168 | D:7      | Found a white marble altar of Elyvilon.
  8419 | D:7      | Found a hide-covered altar of Uskayaw.
  8655 | D:7      | Found Riuczefa's Magic Scroll Shoppe.
  8663 | D:7      | Bought a scroll of teleportation for 39 gold pieces
  8663 | D:7      | Bought a scroll of identify for 26 gold pieces
  8663 | D:7      | Bought a scroll of identify for 26 gold pieces
  8663 | D:7      | Bought a scroll of identify for 26 gold pieces
  8762 | D:7      | Found a broken altar of Ashenzari.
  8801 | D:7      | Found an ornate altar of the Wu Jian Council.
  8888 | D:7      | Found a sparkling altar of Nemelex Xobeh.
  9077 | D:7      | Found an ancient bone altar of Kikubaaqudgha.
  9720 | D:8      | Reached XP level 10. HP: 55/55 MP: 21/28
 10841 | D:8      | Noticed Maggie
 10855 | D:8      | Killed Maggie
 10856 | D:8      | Reached skill level 13 in Spellcasting
 11235 | D:9      | Found a radiant altar of Vehumet.
 11276 | D:9      | Became a worshipper of Vehumet
 11437 | D:9      | Noticed a two-headed ogre
 11455 | D:9      | Killed a two-headed ogre
 11934 | D:9      | Reached * piety under Vehumet
 11934 | D:9      | Offered knowledge of Sandblast by Vehumet.
 12205 | D:9      | Reached skill level 14 in Spellcasting
 12384 | D:10     | Entered Level 10 of the Dungeon
 12402 | D:10     | Noticed a cyclops
 12465 | D:10     | Killed a cyclops
 12887 | D:10     | Reached skill level 1 in Shields
 13514 | D:10     | Slain by a shadow

Illustrated notes

Levels and vault maps discovered:
D:1:      onia_arrival_mini_spirals, layout_basic, ebering_ecumenical_altar_rust
D:2:      layout_loops_ring
D:3:      layout_basic, nicolae_qazlal_style_of_elements,
          nicolae_overflow_hidden_temple, serial_shops, shop_fountains,
          serial_bayou_pond_c, serial_bayou_pond_d, cheibrodos_gnoll_hut
D:4:      layout_loops_cross, pf_guarded_unrand_meek, uniq_eustachio
D:5:      layout_loops_cross, mainiacjoe_overflow_alcove_1, minmay_ruined_shrine
D:6:      layout_basic
D:7:      layout_cave_pools, nicolae_uskayaw_suspiria,
          mainiacjoe_overflow_catwalk, mainiacjoe_overflow_small_starburst,
          elyvilon_altar_4, lemuel_zombie_altar_kikubaaqudgha,
          nemelex_dance_club_becter, general_overflow_altar,
          minmay_temple_entry_mini_moons, serial_shops, shop
D:8:      layout_basic, uniq_maggie
D:9:      layout_basic, nicolae_overflow_crystal_walls,
          hangedman_abyss_or_decor_slice
D:10:     layout_small_grid, david_orc_4
Temple:   eino_wide_crystal_templ

Skill      XL: |  1  2  3  4  5  6  7  8  9 10 |
---------------+-------------------------------+-----
Spellcasting   | 5 6 7 8 10 12 14 | 14.3
Fighting       | 1 2 3 4 |  4.0
Armour         | 1 2 3 4 |  4.1
Conjurations   | 2 3 4 5 7 8 |  8.3
Dodging        | 3 |  3.1
Fire Magic     | 1 2 3 4 6 7 |  7.6
Air Magic      | 1 |  1.0
Stealth        | 3 |  3.1
Poison Magic   | 1 |  1.0
Evocations     | 1 |  1.0
Shields        | 1 |  1.2
Summonings     | |  1.1
Translocations | |  1.1

Action                   |  1- 3 |  4- 6 |  7- 9 | 10-12 || total
-------------------------+-------+-------+-------+-------++-------
Melee: Dagger            |     8 |     1 |       |       ||     9
       Mace              |       |    20 |    67 |       ||    87
       Short sword       |       |       |    31 |   119 ||   150
 Fire: Hand crossbow     |       |       |       |    46 ||    46
 Cast: Magic Dart        |    82 |   107 |   199 |   107 ||   495
       Conjure Flame     |     1 |     5 |    34 |    30 ||    70
       Call Imp          |     1 |       |     9 |     7 ||    17
       Mephitic Cloud    |       |     8 |    32 |    22 ||    62
       Blink             |       |     1 |    10 |     8 ||    19
  Use: Scroll            |       |       |       |    10 ||    10
 Stab: Confused          |       |     1 |     6 |     9 ||    16
Armor: Robe              |     4 |       |       |       ||     4
       Leather armour    |     5 |    10 |    51 |    30 ||    96
       Steam dragon scal |       |       |       |    25 ||    25
Dodge: Dodged            |    20 |    18 |   104 |   120 ||   262

Table legend: (Time is in decaauts)
 A = Elapsed time spent in this place.
 B = Non-inter-level travel time spent in this place.
 C = Inter-level travel time spent in this place.
 D = Time resting spent in this place.
 E = Time spent auto-exploring this place.
 F = Levels seen in this place.
 G = Mean time per level.
                   A        B        C        D        E       F      G
               +--------+--------+--------+--------+--------+-----+--------+
         Total |  13616 |  13035 |    581 |   1327 |   9172 |  11 | 1237.8 |
       Dungeon |  13529 |  12969 |    560 |   1327 |   9113 |  10 | 1352.9 |
        Temple |     87 |     66 |     21 |      0 |     59 |   1 |   87.0 |
               +--------+--------+--------+--------+--------+-----+--------+

Top non-repeatable levels by time:
     D:5: 2004 daAuts
     D:8: 1607 daAuts
     D:6: 1359 daAuts
     D:1: 1274 daAuts
     D:7: 1256 daAuts
     D:4: 1247 daAuts
     D:2: 1231 daAuts
     D:3: 1207 daAuts
     D:9: 1192 daAuts
    D:10: 1148 daAuts
  Temple: 87 daAuts
